 Dungeon Crawl Stone Soup version 0.17-a0-105-g8f3376a (webtiles) character file.

240 Pikaro the Cutter (level 5, -4/24 HPs)
             Began as a Spriggan Enchanter on Mar 18, 2015.
             Slain by an iguana (15 damage)
             ... on level 4 of the Dungeon.
             The game lasted 00:06:29 (4137 turns).

Pikaro the Cutter (Spriggan Enchanter)              Turns: 4137, Time: 00:06:29

Health: -4/24      AC:  3    Str:  4    XL:     5   Next: 79%
Magic:  14/14      EV: 18    Int: 16    God:
Gold:   173        SH:  0    Dex: 18    Spells: 1 memorised, 8 levels left

rFire  . . .     SeeInvis +     q - +1 dagger (speed)
rCold  + . .     Clarity  .     b - +1 robe
rNeg   + . .     SustAb   .     (shield restricted)
rPois  .         Gourm    .     (helmet restricted)
rElec  .         Spirit   .     (no cloak)
rCorr  .         Warding  +     (gloves unavailable)
rMut   .         Stasis   .     (boots unavailable)
MR     .....                    h - amulet of warding {Ward, rN+, !d}
Stlth  ++........               l - ring of protection from cold {rC+, !d}
                                m - ring of loudness (curse) {Stlth-}

@: very quick, not resistant to hostile enchantments, unstealthy
A: unfitting armour, see invisible, herbivore 3, speed 3, slow metabolism 2
a: no special abilities


You were on level 4 of the Dungeon.
You were very hungry.

You visited 1 branch of the dungeon, and saw 4 of its levels.

You collected 173 gold pieces.

Inventory:

Hand weapons
 o - a +0 blowgun
   (You took it off a kobold on level 3 of the Dungeon)
 q - a +1 dagger of speed (weapon)
   (You took it off a kobold on level 3 of the Dungeon)
Missiles
 p - 31 poisoned needles
Armour
 b - a +1 robe (worn)
Jewellery
 h - an amulet of warding (around neck) {Ward, rN+, !d}
   (You found it on level 1 of the Dungeon)
 l - a ring of protection from cold (right hand) {rC+, !d}
   (You found it on level 3 of the Dungeon)
 m - a cursed ring of loudness (left hand) {Stlth-}
   (You took it off a kobold on level 1 of the Dungeon)
Magical devices
 a - a wand of enslavement (6)
   (You found it on level 4 of the Dungeon)
Potions
 e - a potion of might
 f - a potion of flight
 g - a potion of resistance
 i - a potion of haste
 k - a potion of magic
 n - a potion of cure mutation {!q}
Books
 c - a book of Maledictions
Comestibles
 d - 2 bread rations
 j - 5 fruits


   Skills:
 + Level 6.4 Short Blades
 - Level 3.0 Dodging
 - Level 4.4 Stealth
 - Level 2.6 Spellcasting
 - Level 3.6 Hexes


You had 8 spell levels left.
You knew the following spells:

 Your Spells              Type           Power        Failure   Level  Hunger
A - Corona                Hex            ##.....      6%          1    #......


Dungeon Overview and Level Annotations

Branches:
Dungeon (4/15)
 Temple: D:4-7

Altars:
Kikubaaqudgha


Innate Abilities, Weirdness & Mutations

You are tiny and cannot use many weapons and most armour.
You have supernaturally acute eyesight.
You are a herbivore.
You cover ground extremely quickly.
You need consume almost no food.


Message History

You regained 8 hp, and now have 21/24 hp.
You start resting.
Health restored: 24; Total turns waited: 269 You climb downwards.
The worm closely misses you.
There is a stone staircase leading up here.
You hit the worm. The worm bites you!
You take 11 damage, and have 13/24 hp.
MASSIVE DAMAGE!!
You barely miss the worm. You hit the worm! You hit the worm. You hit the worm.
The worm misses you.
You hit the worm. You hit the worm. You hit the worm.
You kill the worm!
You start resting.
You are feeling very hungry.
You regained 5 hp, and now have 18/24 hp.
You start resting.
Health restored: 24; Total turns waited: 134 You now have 173 gold pieces (gained 13).
r - 3 scrolls of identify Read which item? (? for menu, Esc to quit)
Identify which item? (\ to view known items) (? for menu, Esc to quit)
As you read the scroll of identify, it crumbles to dust.
f - a potion of flight Read which item? (? for menu, Esc to quit)
Identify which item? (\ to view known items) (? for menu, Esc to quit)
As you read the scroll of identify, it crumbles to dust.
g - a potion of resistance Read which item? (? for menu, Esc to quit)
Identify which item? (\ to view known items) (? for menu, Esc to quit)
As you read the scroll of identify, it crumbles to dust.
n - a potion of cure mutation You see here a dagger.
p - 31 poisoned needles (gained 20)
A ball python comes into view.
A bat comes into view.
You barely miss the ball python. The ball python completely misses you.
The ball python misses you.
You hit the ball python but do no damage.
The bat completely misses you.
You hit the ball python!
You kill the ball python!
The bat completely misses you.
You closely miss the bat. The bat misses you.
You hit the bat. The bat misses you.
You hit the bat.
You kill the bat!
No target in view!
A worker ant comes into view.
The worker ant twitches its antennae in your direction.
The worker ant waves its antennae.
You hit the worker ant. The worker ant completely misses you.
You hit the worker ant but do no damage.
The worker ant closely misses you.
You closely miss the worker ant.
You hit the worker ant but do no damage.
The worker ant misses you.
You hit the worker ant but do no damage.
You hit the worker ant but do no damage.
The worker ant closely misses you.
You barely miss the worker ant. You closely miss the worker ant.
The worker ant bites you.
You take 5 damage, and have 19/24 hp.
MASSIVE DAMAGE!!
You barely miss the worker ant. You hit the worker ant.
The worker ant bites you!
You barely miss the worker ant.
You take 8 damage, and have 11/24 hp.
MASSIVE DAMAGE!!
You hit the worker ant but do no damage.
The worker ant waves its antennae.
The worker ant barely misses you.
You hit the worker ant. You hit the worker ant!
You kill the worker ant!
No target in view!
You start resting.
Total turns waited: 7 No target in view!
No target in view!
The iguana hisses angrily.
The iguana bites you.
You take 1 damage, and have 11/24 hp.
You closely miss the iguana. You hit the iguana but do no damage.
The iguana completely misses you.
You hit the iguana. You hit the iguana. You hit the iguana but do no damage.
The iguana barely misses you.
You hit the iguana but do no damage. You completely miss the iguana.
The iguana completely misses you.
You hit the iguana but do no damage. You barely miss the iguana.
The iguana closely misses you.
You hit the iguana but do no damage. You hit the iguana.
You hit the iguana but do no damage. The iguana bites you!
Ouch! That really hurt!
You die...

≈≈≈.%##.###.......# ≈
≈≈............... ≈≈
≈≈..#####........ # ≈≈. ##
###........ ... #≈.
#..........
....##..#######÷#....><..
#........................
....#..######....##....#.
.#.#..>..@l....######.###.
#.<)#.....####### #..##.
##.....#...# ##.###
.......#....# #..##
#..#..#.##.## ##.##
#.....##..#### #..#
#.#..........# ##.#
#..###...#.####### #..
.###.#..#...........%.#####.


You could see an iguana.

Vanquished Creatures
  A scorpion (D:4)
  An orc priest (D:3)
  2 worker ants (D:4)
  An adder (D:3)
  A giant mite (D:4)
  4 worms
  3 orcs (D:3)
  3 bat skeletons (D:3)
  3 bat zombies (D:3)
  4 giant cockroaches
  6 goblins
  9 hobgoblins
  2 jackals (D:3)
  2 quokkas (D:3)
  3 ball pythons
  11 bats
  2 giant newts
  12 kobolds
  9 rats
79 creatures vanquished.

Notes
Turn   | Place    | Note
--------------------------------------------------------------
     0 | D:1      | Pikaro, the Spriggan Enchanter, began the quest for the Orb.
     0 | D:1      | Reached XP level 1. HP: 9/9 MP: 4/4
   319 | D:1      | Reached skill level 2 in Short Blades
   463 | D:1      | Reached XP level 2. HP: 13/13 MP: 7/7
   999 | D:2      | Reached skill level 3 in Short Blades
  1214 | D:2      | Reached XP level 3. HP: 16/16 MP: 9/9
  1800 | D:3      | HP: 4/16 [quokka (4)]
  1804 | D:3      | Reached skill level 4 in Short Blades
  2221 | D:3      | HP: 4/16 [orc/whip (4)]
  2581 | D:3      | Reached XP level 4. HP: 21/21 MP: 12/12
  2593 | D:3      | HP: 3/21 [orc/war axe (8)]
  2791 | D:3      | Reached skill level 5 in Short Blades
  2808 | D:3      | Found an ancient bone altar of Kikubaaqudgha.
  3542 | D:4      | Reached XP level 5. HP: 24/24 MP: 14/14
  3606 | D:4      | Reached skill level 6 in Short Blades
  3620 | D:4      | HP: 6/24 [poisoned by a scorpion]
  3625 | D:4      | HP: 5/24 [poisoned by a scorpion]
  3632 | D:4      | HP: 3/24 [poisoned by a scorpion]
  3640 | D:3      | HP: 2/24 [poisoned by a scorpion]
  4137 | D:4      | Slain by an iguana

Action                   |  1- 3 |  4- 6 || total
-------------------------+-------+-------++-------
Melee: Dagger            |   150 |   116 ||   266
  Use: Scroll            |     6 |     3 ||     9
       Potion            |       |     2 ||     2
 Stab: Sleeping          |     7 |     3 ||    10

Vault maps used:
D:1:      dpeg_arrival_tiny_e
D:2:      first_bread
D:3:      kennysheep_vampire_church, st_stairs_12
D:4:      minmay_temple_entry_fiery, serial_shops, nicolae_shop_waterfront,
          minivault_24

Table legend:
 A = Turns spent in this place as a percentage of turns spent in the entire game.
 B = Non-inter-level travel turns spent in this place as a percentage of non-inter-level travel turns spent in the entire game.
 C = Inter-level travel turns spent in this place as a percentage of turns spent in this place.
 D = Turns resting spent in this place as a percentage of non-inter-level travel turns spent in this place.
 E = Turns spent auto-exploring this place as a percentage of non-inter-level travel turns spent in this place.
 F = Non-inter-level travel turns spent in this place divided by the number of levels of this place that you've seen.
                   A       B       C       D       E      F
               +-------+-------+-------+-------+-------+----------------------
         Total | 100.0 | 100.0 |   0.6 |   7.3 |   9.5 | 225.2
       Dungeon | 100.0 | 100.0 |   0.6 |   7.3 |   9.5 | 225.2
               +-------+-------+-------+-------+-------+----------------------

Table legend:
 A = Kills in this place as a percentage of kills in entire the game.
 B = Kills by you in this place as a percentage of kills by you in the entire game.
 C = Kills by friends in this place as a percentage of kills by friends in the entire game.
 D = Other kills in this place as a percentage of other kills in the entire game.
 E = Experience gained in this place as a percentage of experience gained in the entire game.
 F = Experience gained in this place divided by the number of levels of this place that you have seen.
                   A       B       C       D       E      F
               +-------+-------+-------+-------+-------+----------------------
         Total | 100.0 | 100.0 |  -nan |  -nan | 100.0 |  85.8
       Dungeon | 100.0 | 100.0 |  -nan |  -nan | 100.0 |  85.8
               +-------+-------+-------+-------+-------+----------------------
